 Dungeon Crawl Stone Soup version 0.17-a0-1984-g55f5988 (webtiles) character file.

105 Banto the Charmwright (level 4, -5/29 HPs)
             Began as a High Elf Skald on Oct 6, 2015.
             Slain by Sigmund
             ... wielding a +0 scythe
              (11 damage)
             ... on level 2 of the Dungeon.
             The game lasted 00:04:03 (2011 turns).

Banto the Charmwright (High Elf Skald)              Turns: 2011, Time: 00:04:03

Health: -5/29      AC:  3    Str: 11    XL:     4   Next: 54%
Magic:  4/9        EV: 11    Int: 19    God:
Gold:   73         SH:  0    Dex: 15    Spells: 3 memorised, 2 levels left

rFire  . . .     SeeInvis .     a - +1 falchion
rCold  . . .     Clarity  .     b - +0 leather armour
rNeg   . . .     SustAt   .     (no shield)
rPois  .         Gourm    .     (no helmet)
rElec  .         Spirit   .     (no cloak)
rCorr  .         Warding  .     (no gloves)
rMut   .         Stasis   .     (no boots)
MR     .....                    (no amulet)
Stlth  +.........               (no ring)
                                j - +3 ring of intelligence

@: lethally poisoned (-5 -> -5), regenerating (expiring), not resistant to
hostile enchantments, very unstealthy
A: no striking features
a: no special abilities


You were on level 2 of the Dungeon.
You were not hungry.

You visited 1 branch of the dungeon, and saw 2 of its levels.

You collected 73 gold pieces.

Inventory:

Hand Weapons
 a - a +1 falchion (weapon)
Missiles
 l - 8 javelins (quivered)
 o - 3 curare-tipped needles
Armour
 b - a +0 leather armour (worn)
Jewellery
 j - a +3 ring of intelligence (left hand)
Scrolls
 n - a scroll of blinking
Potions
 c - a potion of agility
 e - a potion of resistance {unknown}
 f - a potion of curing {unknown}
 k - a potion of degeneration {unknown}
Comestibles
 d - 3 bread rations
 g - 3 fruits
 h - a meat ration
 m - a royal jelly


   Skills:
 - Level 2.0 Fighting
 * Level 4.2 Long Blades
 - Level 0.8 Armour
 - Level 1.1 Dodging
 - Level 3.0 Spellcasting
 * Level 5.0 Charms


You had 2 spell levels left.
You knew the following spells:

 Your Spells              Type           Power        Failure   Level  Hunger
a - Infusion              Chrm           ###...       2%          1    None
b - Regeneration          Chrm/Necr      ##........   24%         3    ###....
c - Spectral Weapon       Hex/Chrm       ##......     24%         3    ###....


Dungeon Overview and Level Annotations

Branches:
Dungeon (2/15)

Altars:

Annotations:
D:2 Sigmund


Message History

You hit the giant cockroach.
You kill the giant cockroach!
You feel sick.
Found a scroll labeled RET QAPIYBOEPN.
There is an open door here.
You see here a giant cockroach corpse.
Casting: Spectral Weapon
Confirm with . or Enter, or press ? or * to list all spells.
Your skin crawls.
You feel sick.
Sigmund hits you from afar with a scythe!
You swap places.
Sigmund gestures at you while chanting. The puff of flame hits you!
* * * LOW HITPOINT WARNING * * *
There is an open door here.
You see here a giant cockroach corpse.
Your skin is crawling a little less now.
You feel sick.
Sigmund hits you from afar with a scythe!
You die...

.h....
...... ..
.... .... .
..(. ....
#..... ...
##....# ..#
...#.# #.#
#.#.#.#
######.#
......#
#.?..#@#####
.##.#.#
#).(@†.....#
.##(#.#
#...(#####.#
....#†###
#....# #.#
<...†...###
#....# #)#
..........#
#....# #.#
....#.###.#
###### #.#
..###'###.#
#.#
.##..(....#
#(#
.##.....).#
#.#


You could see Sigmund.

Vanquished Creatures
  2 adders (D:2)
  3 gnolls (D:2)
  2 oozes
  2 giant geckos
  2 ball pythons (D:2)
  14 bats
  2 bat zombies (D:1)
  3 giant cockroaches
  A goblin (D:2)
  8 hobgoblins
  6 kobolds
  2 giant newts (D:1)
  3 jackals (D:2)
  3 rats (D:1)
53 creatures vanquished.

Vanquished Creatures (others)
  A spectral weapon (D:2)
1 creature vanquished.

Grand Total: 54 creatures vanquished

Notes
Turn   | Place    | Note
--------------------------------------------------------------
     0 | D:1      | Banto the High Elf Skald began the quest for the Orb.
     0 | D:1      | Reached XP level 1. HP: 14/14 MP: 4/4
   182 | D:1      | Reached XP level 2. HP: 16/19 MP: 0/6
   212 | D:1      | Reached skill level 4 in Charms
   825 | D:1      | Reached XP level 3. HP: 22/24 MP: 7/7
   842 | D:1      | Learned a level 3 spell: Regeneration
   846 | D:1      | Learned a level 3 spell: Spectral Weapon
  1663 | D:2      | Reached XP level 4. HP: 19/29 MP: 6/9
  2004 | D:2      | Noticed Sigmund
  2005 | D:2      | Reached skill level 5 in Charms
  2011 | D:2      | Slain by Sigmund

Vault maps used:
D:1:      saegor_arrival_fortress, serial_glass, glass_columns_b,
          glass_columns_b, minmay_strange_pillars, due_unseen_surprise,
          minmay_strange_pillars
D:2:      grunt_temple_overflow_growth_and_decay, uniq_crazy_yiuf_cottage,
          uniq_sigmund

Action                   |  1- 3 |  4- 6 || total
-------------------------+-------+-------++-------
Melee: Falchion          |   138 |    15 ||   153
 Cast: Infusion          |     5 |       ||     5
       Spectral Weapon   |     2 |     3 ||     5
       Regeneration      |       |     2 ||     2
  Use: Scroll            |     5 |       ||     5
  Eat: Chunk             |     3 |     1 ||     4
